 Dungeon Crawl Stone Soup version 0.31.0-11-ge490571c62 (webtiles) character file.

Game seed: 1810460785000201781

2708 Xavori the Carver (level 9, -2/59 HPs)
             Began as a Djinni Chaos Knight on Jan 28, 2024.
             Was a Plaything of Xom.
             Slain by an orc warrior
             ... wielding a +0 war axe
              (16 damage)
             ... in a bailey.
             The game lasted 00:06:43 (11938 turns).

Xavori the Carver (Djinni Chaos Knight)            Turns: 11938, Time: 00:06:44

Health: -2/59      AC:  6    Str:  9    XL:     9   Next: 97%
Gold:   574        EV: 16    Int: 18    God:    Xom [.*....] SH:  0 Dex: 25

rFire   + + .        k - +0 falchion (elec)
rCold   . . .        (no shield)
rNeg    . . .        b - +2 leather armour
rPois   ∞            (helmet restricted)
rElec   .            (no cloak)
rCorr   .            f - +0 pair of gloves
SInv    .            (boots unavailable)
Will    ++...        i - amulet of Geedif {Acrobat Harm rC+ Regen+ Stlth+}
Stlth   +++          z - +6 ring of intelligence
HPRegen 0.00/turn    (no ring)
MPRegen 0.00/turn

%: harm (+30% outgoing, +20% incoming), acrobat, infuse magic (-3 HP)
@: flying, inhibited regen
A: sickness immunity, fire resistance 2, cold vulnerability 1, float, innate
caster, HP casting, extra vitality 1, antennae 1, agile 2, frail 1,
strong-willed 2, passive freeze, sense surroundings 1, inhibited regeneration,
wild magic 3, MP-powered wands
a: Renounce Religion


You were in a bailey.
You worshipped Xom.
You were a plaything of Xom.
You visited 1 branch of the dungeon, and saw 7 of its levels.
You also visited: Bailey.

You collected 891 gold pieces.
You spent 317 gold pieces at shops.

Inventory:

Hand Weapons
 k - a +0 falchion of electrocution (weapon)
Armour
 b - a +2 leather armour (worn)
 f - a +0 pair of gloves (worn)
Jewellery
 i - the amulet of Geedif (around neck) {Acrobat Harm rC+ Regen+ Stlth+}
   (Xom gifted it to you on level 2 of the Dungeon)

   [amulet of the acrobat]

   Acrobat:   It increases your evasion while moving and waiting.
   rC+:       It protects you from cold.
   Regen+:    It increases your rate of health regeneration.
   Harm:      It increases damage dealt and taken.
   Stlth+:    It makes you more stealthy.
 z - a +6 ring of intelligence (left hand)
Wands
 s - a wand of flame (23)
 u - a wand of iceblast (28)
Scrolls
 c - a scroll of butterflies
 d - 3 scrolls of fog
 e - 2 scrolls of summoning
 h - a scroll of blinking
 j - 4 scrolls of identify
 l - a scroll of immolation
 m - a scroll of fear
 o - a scroll of brand weapon {unknown}
 p - 3 scrolls of teleportation
 r - a scroll of vulnerability {unknown}
 v - a scroll of acquirement {unknown}
 x - a scroll of noise {unknown}
 y - 2 scrolls of enchant weapon
Potions
 a - 3 potions of lignification {unknown}
 g - 3 potions of might {unknown}
 n - 5 potions of curing
 q - a potion of degeneration {unknown}
 t - 2 potions of enlightenment {unknown}
 w - a potion of mutation {unknown}
 A - a potion of haste {unknown}
 B - a potion of attraction {unknown}
 C - a potion of brilliance {unknown}
 D - a potion of heal wounds {unknown}


   Skills:
 + Level 5.8 Fighting
 + Level 8.1 Long Blades
 + Level 4.6 Armour
 + Level 6.3 Dodging
 * Level 3.2 Spellcasting
 * Level 3.2 Conjurations
 * Level 3.2 Hexes
 * Level 3.2 Summonings
 * Level 3.2 Necromancy
 * Level 3.2 Translocations
 * Level 3.2 Fire Magic
 * Level 3.2 Ice Magic
 * Level 3.2 Air Magic
 * Level 3.2 Earth Magic
 * Level 3.2 Alchemy


You knew the following spells:

 Your Spells              Type           Power      Damage    Failure   Level
a - Summon Small Mammal   Summ           100%       N/A       19%         1
b - Momentum Strike       Conj/Tloc      54%        3d9       26%         2
c - Call Imp              Summ           54%        N/A       26%         2
d - Cause Fear            Hex            13%        N/A       75%         4
Your spell library was empty.

Dungeon Overview and Level Annotations

Branches:
Dungeon (7/15)             Temple (0/1) D:6          Bailey (1/1)

Altars:
Ashenzari
Hepliaklqana
Makhleb
Qazlal

Shops:
D:5 (   D:6 !?[


Innate Abilities, Weirdness & Mutations

You are immune to sickness and miasma.
You are immune to poison.
Your flesh is very heat resistant. (rF++)
You are vulnerable to cold. (rC-)
You float through the air rather than walking.
You learn spells naturally, not from books.
Your magical power is your life essence.
You have superior vitality. (+4 MHP)
You have a pair of small antennae on your head.
You are very agile. (Dex +8, Str/Int -2)
You are frail. (-10% HP)
You are highly strong-willed. (Will++)
A frigid envelope surrounds you and freezes all who hurt you.
You passively map a small area around you.
You do not regenerate when monsters are visible.
Your spells are much harder to cast, but much more powerful.
You expend health (3 HP) to strengthen your wands.


Message History

The kobold brigand closely misses you.
You hit the kobold brigand but do no damage.
The kobold brigand is lightly wounded.
The kobold brigand hits you with a +0 war axe!
The kobold brigand is very cold.
The kobold brigand is heavily wounded.
Okay, then.
You slash the kobold brigand!
Lightning courses through the kobold brigand!!
You kill the kobold brigand!
You hit the orc warrior but do no damage.
Lightning courses through the orc warrior!
The orc warrior is heavily wounded.
The orc warrior barely misses you.
You hit the orc warrior but do no damage.
The orc warrior is heavily wounded.
The orc warrior barely misses you. The kobold brigand closely misses you.
The orc warrior hits you with a +0 battleaxe!
The orc warrior is very cold.
The orc warrior is severely wounded.
There is an open door, spattered with blood here.
Things that are here:
a +0 war axe; 3 poisoned darts The orc warrior attacks as it pursues you!
The orc warrior completely misses you.
You slash the orc warrior!
You kill the orc warrior!
The orc warrior hits you with a +0 war axe.
* * * LOW HITPOINT WARNING * * *
The orc warrior is very cold.
The orc warrior is moderately wounded.
Unknown command.
You closely miss the orc warrior.
The orc warrior is moderately wounded.
The orc warrior barely misses you.
You hit the orc warrior.
The orc warrior is heavily wounded.
The orc warrior hits you with a +0 war axe!
You die...
Xom chortles!

#.###~~.......~~###
#....~~.......~~..,
#####~~.......~~##
##~.......~##
####'''####
##.....## #∩.....∩#
#..)8...# ##..)@.##
###o### ####...####
#....K....#
.......))....#
*...............#
...............#
*#.............##
###.[!.(.($.###


You could see an orc warrior and a kobold brigand.

Vanquished Creatures
  Eustachio (D:5)
  3 orc warriors (Bailey)
  3 ice beasts
  An ogre (D:7)
  A black bear (D:5)
  4 kobold brigands
  Blork the orc (D:6)
  A phantom (D:5)
  A bullfrog (D:6)
  5 scorpions
  5 wights
  A howler monkey (D:5)
  2 bombardier beetles (D:6)
  4 hounds (D:5)
  An orc priest (D:3)
  A sleepcap (D:7)
  Natasha (twice) (D:2)
  4 orc wizards
  3 iguanas
  4 gnolls (D:6)
  5 adders
  A white imp (D:7)
  2 ufetubi (D:3)
  3 dart slugs
  A ribbon worm (D:2)
  16 orcs
  7 endoplasms
  4 giant cockroaches (D:1)
  9 goblins
  5 hobgoblins
  2 jackals (D:5)
  2 quokkas
  7 ball pythons
  4 bats
  17 kobolds
  6 rats
139 creatures vanquished.

Vanquished Creatures (collateral kills)
  2 kobold brigands (Bailey)
  3 kobolds (Bailey)
5 creatures vanquished.

Grand Total: 144 creatures vanquished

Notes
Turn   | Place    | Note
-------+----------+-------------------------------------------
     0 | D:1      | Xavori the Djinni Chaos Knight began the quest for the Orb.
     0 | D:1      | Reached XP level 1. HP: 20/20 MP: 0/0
    94 | D:1      | XOM: smoke on damage
   191 | D:1      | Reached XP level 2. HP: 25/25 MP: 0/0
   571 | D:1      | XOM: silly message
   645 | D:1      | XOM: silly message
   788 | D:1      | Reached skill level 3 in Long Blades
   994 | D:1      | XOM: silly message
  1297 | D:1      | XOM: silly message
  1388 | D:1      | XOM: give mutations
  1388 | D:1      | Gained mutation: You are strong-willed. (Will+) [Xom's
                  | mischief]
  1388 | D:1      | Gained mutation: You do not regenerate when monsters are
                  | visible. [Xom's mischief]
  1388 | D:1      | Gained mutation: You are frail. (-10% HP) [Xom's mischief]
  2331 | D:1      | XOM: stat loss: -1 Int (12/13)
  2491 | D:1      | XOM is BORED!
  2491 | D:1      | XOM: summons 1 hostile demon
  2814 | D:2      | XOM: summons 1 hostile shadow creature
  3229 | D:1      | XOM: give mutations
  3229 | D:1      | Gained mutation: Your body sometimes deteriorates upon
                  | taking damage. [Xom's mischief]
  3229 | D:1      | Lost mutation: Your body sometimes deteriorates upon taking
                  | damage. [Xom's mischief]
  3318 | D:1      | XOM: give mutations
  3318 | D:1      | Gained mutation: Your flesh is almost immune to the effects
                  | of heat. (rF+++) [Xom's mischief]
  3318 | D:1      | Gained mutation: You have hidden genetic defects. [Xom's
                  | mischief]
  3318 | D:1      | Gained mutation: You are dopey. (Int -2) [Xom's mischief]
  3809 | D:1      | XOM is BORED!
  3809 | D:1      | XOM: give mutation
  3809 | D:1      | Lost mutation: Your flesh is almost immune to the effects
                  | of heat. (rF+++) [Xom's mischief]
  3876 | D:1      | XOM: god gift: club {god gift}
  4023 | D:1      | XOM: give mutation
  4023 | D:1      | Lost mutation: You are frail. (-10% HP) [Xom's grace]
  4141 | D:1      | XOM: give mutation
  4141 | D:1      | Gained mutation: You have sharp fingernails. [Xom's
                  | mischief]
  4531 | D:1      | XOM: god gift: chain mail {god gift}
  4577 | D:1      | XOM: divination: detect creatures
  5277 | D:1      | XOM: god gift: boomerang
  5603 | D:1      | XOM: scenery: 1 doors close
  6255 | D:1      | XOM: give mutations
  6255 | D:1      | Lost mutation: You are dopey. (Int -2) [Xom's mischief]
  6255 | D:1      | Gained mutation: You are agile. (Dex +4, Str/Int -1) [Xom's
                  | mischief]
  6578 | D:1      | XOM: scenery: 1 doors open
  6652 | D:1      | XOM: summons 2 hostile shadow creatures
  6841 | D:2      | Identified the amulet of Geedif {Acrobat Harm rC+ Regen+
                  | Stlth+} (Xom gifted it to you on level 2 of the Dungeon)
  6841 | D:2      | XOM: god gift: amulet of Geedif {Acrobat Harm rC+ Regen+
                  | Stlth+}
  6988 | D:2      | XOM: 4-stop teleportation journey
  7001 | D:2      | Noticed Natasha
  7009 | D:2      | XOM: butterfly on damage
  7011 | D:2      | Killed Natasha
  7012 | D:2      | Reached XP level 3. HP: 6/30 MP: 0/0
  7012 | D:2      | Learned a level 1 spell: Summon Small Mammal
  7041 | D:1      | Lost mutation: You are agile. (Dex +4, Str/Int -1) [hidden
                  | defects]
  7530 | D:2      | XOM: god gift: robe {god gift}
  7580 | D:1      | XOM: divination: detect creatures
  7717 | D:1      | XOM: give mutations
  7717 | D:1      | Gained mutation: A frigid envelope surrounds you and
                  | freezes all who hurt you. [Xom's grace]
  7717 | D:1      | Gained mutation: You are highly strong-willed. (Will++)
                  | [Xom's grace]
  7717 | D:1      | Gained mutation: You are agile. (Dex +4, Str/Int -1) [Xom's
                  | grace]
  7717 | D:1      | Gained mutation: You are very agile. (Dex +8, Str/Int -2)
                  | [Xom's grace]
  7983 | D:2      | Reached XP level 4. HP: 33/35 MP: 0/0
  7995 | D:2      | Gained mutation: You are frail. (-10% HP) [hidden defects]
  7995 | D:2      | Lost mutation: You have hidden genetic defects. [hidden
                  | defects expressed]
  8105 | D:2      | Noticed Natasha
  8107 | D:2      | Natasha changed into Natasha the rat
  8107 | D:2      | Noticed Natasha
  8107 | D:2      | XOM: polymorph Natasha -> Natasha the rat
  8110 | D:2      | Killed Natasha the rat
  8121 | D:2      | Found a faded altar of an unknown god.
  8228 | D:2      | Noticed Natasha
  8234 | D:2      | Killed Natasha
  8235 | D:2      | Reached skill level 1 in Spellcasting
  8235 | D:2      | Reached skill level 1 in Conjurations
  8235 | D:2      | Reached skill level 1 in Hexes
  8235 | D:2      | Reached skill level 1 in Summonings
  8235 | D:2      | Reached skill level 1 in Necromancy
  8235 | D:2      | Reached skill level 1 in Translocations
  8235 | D:2      | Reached skill level 1 in Fire Magic
  8235 | D:2      | Reached skill level 1 in Ice Magic
  8235 | D:2      | Reached skill level 1 in Air Magic
  8235 | D:2      | Reached skill level 1 in Earth Magic
  8235 | D:2      | Reached skill level 1 in Alchemy
  8235 | D:2      | Reached XP level 5. HP: 34/36 MP: 0/0
  8235 | D:2      | Learned a level 2 spell: Momentum Strike
  8526 | D:3      | Reached XP level 6. HP: 24/41 MP: 0/0
  8607 | D:3      | Found a hazy altar of Hepliaklqana.
  8607 | D:3      | XOM: give mutations
  8607 | D:3      | Gained mutation: Your spells are a little harder to cast,
                  | but a little more powerful. [Xom's grace]
  8607 | D:3      | Gained mutation: You have a pair of small antennae on your
                  | head. [Xom's grace]
  8912 | D:3      | XOM: give mutations
  8912 | D:3      | Gained mutation: Your spells are harder to cast, but more
                  | powerful. [Xom's grace]
  8912 | D:3      | Gained mutation: You passively map a small area around you.
                  | [Xom's grace]
  8935 | D:3      | XOM: give mutation
  8935 | D:3      | Gained mutation: You expend health (3 HP) to strengthen
                  | your wands. [Xom's grace]
  9196 | D:4      | Reached skill level 4 in Long Blades
  9441 | D:4      | XOM: noise
  9491 | D:4      | XOM: smoke on damage
  9644 | D:4      | XOM is BORED!
  9714 | D:5      | XOM: noise
  9714 | D:5      | Entered Level 5 of the Dungeon
  9714 | D:5      | Noticed a black bear
  9717 | D:5      | Killed a black bear
  9718 | D:5      | Reached XP level 7. HP: 42/45 MP: 0/0
  9718 | D:5      | Learned a level 2 spell: Call Imp
  9796 | D:5      | Reached skill level 5 in Long Blades
  9816 | D:5      | Noticed Eustachio
  9825 | D:5      | XOM: swap monsters
  9856 | D:5      | XOM: noise
  9865 | D:5      | Found Pifybun's Antique Weapon Boutique.
  9867 | D:5      | Killed Eustachio
  9868 | D:5      | Reached XP level 8. HP: 23/52 MP: 0/0
 10069 | D:5      | Found a stormy altar of Qazlal.
 10163 | D:5      | XOM: give mutation
 10163 | D:5      | Gained mutation: Your spells are much harder to cast, but
                  | much more powerful. [Xom's grace]
 10168 | D:5      | Reached skill level 6 in Long Blades
 10511 | D:6      | Found a burning altar of Makhleb.
 10627 | D:6      | XOM: swap monsters
 10647 | D:6      | XOM: blink monster(s)
 10656 | D:6      | Reached skill level 5 in Dodging
 10668 | D:6      | Found a staircase to the Ecumenical Temple.
 10689 | D:6      | Found a broken altar of Ashenzari.
 10727 | D:6      | Noticed Grinder
 10731 | D:6      | XOM: chaos cloud
 10766 | D:6      | Found Xah Nier's Magic Scroll Emporium.
 10776 | D:6      | Bought a scroll of fear for 60 gold pieces
 10776 | D:6      | Bought a scroll of enchant weapon for 112 gold pieces
 10776 | D:6      | Bought a scroll of enchant weapon for 112 gold pieces
 10818 | D:6      | XOM: give mutation
 10818 | D:6      | Lost mutation: You have sharp fingernails. [Xom's mischief]
 10852 | D:6      | Reached XP level 9. HP: 42/57 MP: 0/0
 10852 | D:6      | Learned a level 4 spell: Cause Fear
 10994 | D:6      | Found Vinusiuh's Distillery.
 11027 | D:6      | Bought a potion of curing for 33 gold pieces
 11073 | D:6      | Noticed Blork the orc
 11074 | D:6      | Found Kekk's Armour Boutique.
 11092 | D:6      | Killed Blork the orc
 11361 | D:6      | Reached skill level 5 in Fighting
 11361 | D:6      | Reached skill level 7 in Long Blades
 11426 | D:6      | XOM: noise
 11740 | D:7      | XOM: cloud trail
 11790 | D:7      | Found a flagged portal.
 11839 | Bailey   | Entered a bailey
 11851 | Bailey   | XOM: enchant monster (good)
 11919 | Bailey   | Found an iron altar of Okawaru.
 11925 | Bailey   | Reached skill level 8 in Long Blades
 11938 | Bailey   | Slain by an orc warrior

Illustrated notes

Levels and vault maps discovered:
D:1:      dpeg_arrival_leaves_temple_mockup, layout_basic, serial_bayou_lagoon_a
D:2:      layout_basic, hellmonk_ecumenical_altar_blasted, uniq_natasha
D:3:      layout_basic, mainiacjoe_overflow_catwalk, serial_forest,
          infiniplex_forest_clump_long, infiniplex_forest_clump_diagonal,
          infiniplex_forest_clump_tiny, infiniplex_forest_clump_small,
          infiniplex_forest_end_1, minivault_26
D:4:      layout_rooms, serial_curves, eino_curves_04, eino_curves_04,
          eino_curves_03, eino_curves_04
D:5:      layout_basic, mainiacjoe_overflow_catch_the_wave, serial_shops,
          nicolae_shop_just_a_little_nook, nicolae_tricolors, uniq_eustachio
D:6:      layout_cave_pods, nicolae_overflow_crystal_walls,
          mainiacjoe_overflow_24_doors, minmay_temple_entry_antechambers,
          serial_shops, nicolae_square_shop, shop, nicolae_shop_statue_plus,
          kennysheep_generic_room_11, uniq_blork_the_orc, uniq_grinder
D:7:      layout_basic, serial_shops, shop, enter_bailey_2
Bailey:   bailey_axe_3, bailey

Skill      XL: |  1  2  3  4  5  6  7  8  9 |
---------------+----------------------------+-----
Long Blades    | 3 4 5 6 8 |  8.1
Armour         | 2 3 4 |  4.6
Spellcasting   | 1 2 3 |  3.2
Conjurations   | 1 2 3 |  3.2
Hexes          | 1 2 3 |  3.2
Summonings     | 1 2 3 |  3.2
Necromancy     | 1 2 3 |  3.2
Translocations | 1 2 3 |  3.2
Fire Magic     | 1 2 3 |  3.2
Ice Magic      | 1 2 3 |  3.2
Air Magic      | 1 2 3 |  3.2
Earth Magic    | 1 2 3 |  3.2
Alchemy        | 1 2 3 |  3.2
Dodging        | 3 4 5 6 |  6.3
Fighting       | 4 5 |  5.8

Action                     |  1- 3 |  4- 6 |  7- 9 || total
---------------------------+-------+-------+-------++-------
  Melee: Falchion          |    63 |    76 |   189 ||   328
         Punch             |       |       |     3 ||     3
    Use: Scroll            |       |       |     5 ||     5
   Stab: Sleeping          |     1 |     6 |     3 ||    10
 Armour: Leather armour    |    41 |    40 |    96 ||   177
  Dodge: Dodged            |    45 |    61 |   161 ||   267
